AoeStats
← Mahowla

Black Forest

509882866Analyzed
3v3 RM · 5d ago on Sep 28, 2026· 51m 53s· 6 players
Game mode
Random Map
Map size
Normal (6 player)
Population
200
Speed
Normal
Resources
Standard
Victory
Conquest
Starting age
Dark Age
Ending age
Imperial Age
RankedLock teamsTeams togetherTeam positionsShared explorationLock speedFull tech treeHidden civsTurbo modeCheats
Victory
Defeat
🇹🇼 Danes · Taiwan
1315
+11
🇮🇩 Persians · Indonesia
1140
+18
🇹🇼 Bohemians · Taiwan
1108
+19
🇳🇱 Hindustanis · Netherlands
1205
-17
🇨🇦 Vikings · Canada
1190
-16
🇧🇪 Saxons · Belgium
1166
-15
stevenmin830605
0:46 Loom
10:06 Feudal Age
10:32 Double-Bit Axe
13:02 Wheelbarrow
18:12 Castle Age
16:07 Gold Mining
16:44 Stone Mining
19:09 Bow Saw
18:39 Horse Collar
19:24 Heavy Plow
20:31 Hand Cart
27:43 Town Watch
28:44 Ballistics
28:18 Fletching
29:29 Stone Shaft Mining
33:03 Imperial Age
31:33 Gold Shaft Mining
32:25 Bodkin Arrow
33:05 Masonry
33:37 Caravan
34:06 Conscription
33:09 Onager
34:53 Chemistry
33:48 Northmen's Fury
35:50 Hoardings
35:46 Town Patrol
35:58 Arrowslits
36:07 Siege Onager
37:15 Siege Engineers
36:53 Hamask
37:40 Padded Archer Armor
37:42 Scale Mail Armor
37:52 Forging
39:26 Shipwright
39:04 Murder Holes
38:54 Heavy Scorpion
41:05 Bracer
41:21 Leather Archer Armor
42:58 Coinage
46:04 Banking
48:56 Elite Jomsviking
Keyso0924
0:31 Loom
12:06 Feudal Age
19:48 Castle Age
18:32 Double-Bit Axe
23:08 Wheelbarrow
23:58 Town Watch
28:53 Fortified Wall
28:54 Horse Collar
30:35 Hand Cart
31:42 Fervor
37:56 Imperial Age
37:02 Chemistry
36:51 Forging
36:42 Scale Mail Armor
36:33 Fletching
37:06 Heavy Plow
37:42 Town Patrol
38:26 Bow Saw
39:15 Conscription
40:48 Bodkin Arrow
41:08 Chain Mail Armor
41:29 Iron Casting
41:44 Siege Engineers
41:51 Houfnice
42:38 Squires
41:59 Pikeman
43:27 Plate Mail Armor
46:40 Two-Man Saw
45:48 Bracer
46:48 Blast Furnace
47:03 Wagenburg Tactics
46:35 Halberdier
48:41 Caravan
49:32 Masonry
50:47 Guilds
YDA
11:23 Feudal Age
15:31 Castle Age
13:22 Horse Collar
13:35 Double-Bit Axe
16:40 Bow Saw
22:00 Gold Mining
22:53 Wheelbarrow
24:40 Gold Shaft Mining
26:01 Hand Cart
28:21 Imperial Age
26:38 Heavy Plow
26:52 Stone Mining
27:23 Husbandry
27:34 Bloodlines
28:59 Scale Barding Armor
29:05 Forging
30:29 Chain Barding Armor
30:52 Conscription
31:15 Crop Rotation
30:52 Elite War Elephant
33:25 Two-Man Saw
33:43 Plate Barding Armor
33:44 Iron Casting
35:12 Stone Shaft Mining
36:39 Blast Furnace
35:45 Caravan
36:02 Devotion
48:48 Hoardings
52:12 Faith
V
4:36 Loom
10:12 Feudal Age
16:55 Castle Age
15:13 Double-Bit Axe
19:35 Crossbowman
23:50 Horse Collar
24:48 Stone Mining
25:37 Forging
25:28 Scale Mail Armor
26:13 Bow Saw
27:51 Iron Casting
27:31 Chain Mail Armor
27:21 Squires
28:01 Gold Mining
27:36 Pikeman
28:02 Arson
27:44 Man-at-Arms
28:27 Heavy Plow
32:39 Imperial Age
29:51 Long Swordsman
30:48 Chain Mail Armor
32:55 Gold Shaft Mining
32:34 Fletching
32:44 Padded Archer Armor
33:46 Conscription
34:01 Hoardings
33:12 Arbalester
33:14 Two-Handed Swordsman
35:27 Two-Man Saw
35:00 Crop Rotation
35:09 Hoardings
34:39 Caravan
34:12 Champion
35:04 Chieftains
38:24 Blast Furnace
37:55 Plate Mail Armor
37:20 Bodkin Arrow
37:40 Leather Archer Armor
41:13 Capped Ram
41:40 Onager
43:20 Bogsveigar
49:36 Elite Berserk
Heretic Prophet
0:26 Loom
12:46 Feudal Age
13:22 Double-Bit Axe
19:25 Castle Age
21:21 Town Watch
21:31 Horse Collar
22:07 Bow Saw
27:54 Gold Mining
30:26 Wheelbarrow
29:57 Heavy Plow
34:44 Imperial Age
34:04 Scale Mail Armor
34:14 Forging
35:06 Shield Wall
35:51 Squires
36:16 Chain Mail Armor
36:36 Iron Casting
36:41 Conscription
36:26 Elite Hearth Troop
37:43 Hoardings
37:47 Gambesons
38:37 Plate Mail Armor
38:46 Elite Varangian Guard
42:02 Pikeman
44:53 Halberdier
46:30 Fletching
47:02 Halberdier
Mahowla
1:28 Loom
12:17 Feudal Age
14:32 Fishing Lines
17:03 Castle Age
16:12 Double-Bit Axe
20:58 Bow Saw
23:45 Horse Collar
24:04 Stone Mining
24:04 Gold Mining
24:28 Gillnets
31:27 Imperial Age
29:46 Husbandry
29:56 Bloodlines
31:23 Wheelbarrow
30:33 Town Watch
30:59 Thumb Ring
31:18 Ballistics
32:16 Caravan
32:51 Conscription
32:34 Grand Trunk Road
31:55 Heavy Camel Rider
33:42 Chemistry
34:01 Two-Man Saw
33:49 Forging
33:44 Scale Barding Armor
33:40 Padded Archer Armor
34:20 Gold Shaft Mining
34:31 Imperial Camel Rider
36:17 Iron Casting
36:02 Chain Barding Armor
35:50 Shatagni
39:41 Blast Furnace
39:17 Plate Barding Armor
40:38 Leather Archer Armor
40:59 Hoardings
41:48 Fletching
42:52 Herbal Medicine
Connection lost

Rejoining the realm…

Still unreachable

The connection could not be restored.

Session expired

The server has moved on; the page needs a fresh start.